AoeStats
← KB

Arena

511033791Analyzed
4v4 RM · 6h ago on Oct 3, 2026· 47m 32s· 8 players
Game mode
Random Map
Map size
Large (8 player)
Population
200
Speed
Normal
Resources
Standard
Victory
Conquest
Starting age
Dark Age
Ending age
Imperial Age
RankedLock teamsTeams togetherTeam positionsShared explorationLock speedFull tech treeHidden civsTurbo modeCheats
Victory
Defeat
1154
+16
🇨🇳 Teutons · China
1149
+16
🇧🇪 Shu · Belgium
1138
+17
🇨🇳 Chinese · China
1135
+17
🇹🇼 Mapuche · Taiwan
1188
-18
🇦🇷 Franks · Argentina
1179
-17
🇹🇼 Khmer · Taiwan
1147
-16
🇷🇺 Mongols · Russia
1112
-15
Inklimus
0:27 Loom
10:32 Feudal Age
15:27 Castle Age
14:13 Double-Bit Axe
15:11 Wheelbarrow
17:11 Bow Saw
19:09 Horse Collar
25:19 Scale Mail Armor
25:29 Forging
25:25 Squires
25:59 Forging
32:15 Imperial Age
30:01 Hand Cart
30:41 Chain Mail Armor
31:01 Iron Casting
32:04 Padded Archer Armor
31:55 Fletching
32:44 Heavy Plow
33:23 Conscription
32:39 Pikeman
33:55 Plate Mail Armor
34:25 Blast Furnace
34:56 Chemistry
34:00 Gold Mining
34:44 Bodkin Arrow
35:04 Leather Archer Armor
34:45 Halberdier
36:44 Gold Shaft Mining
36:12 Bracer
38:42 Ring Archer Armor
38:15 Elite Fire Lancer
38:40 Arson
40:47 Ballistics
40:47 Thumb Ring
41:06 Elite Chu Ko Nu
44:57 Fortified Wall
46:44 Capped Ram
Heretic Prophet
11:38 Feudal Age
12:41 Double-Bit Axe
15:42 Castle Age
14:35 Fletching
17:10 Crossbowman
18:47 Loom
21:20 Bodkin Arrow
22:05 Padded Archer Armor
24:44 Horse Collar
32:18 Imperial Age
31:54 Leather Archer Armor
34:04 Bracer
34:10 Gold Mining
34:11 Stone Mining
34:46 Arbalester
35:17 Arrowslits
36:45 Chemistry
37:54 Thumb Ring
43:08 Coiled Serpent Array
42:33 Pikeman
44:26 Squires
44:38 Scale Mail Armor
44:49 Forging
45:18 Bow Saw
45:21 Halberdier
45:33 Halberdier
46:58 Chain Mail Armor
改革春风吹满地
10:27 Feudal Age
14:00 Castle Age
13:19 Double-Bit Axe
23:48 Bow Saw
25:06 Wheelbarrow
29:12 Imperial Age
26:59 Hand Cart
29:10 Forging
29:20 Cavalier
30:10 Bloodlines
30:01 Husbandry
30:11 Scale Barding Armor
30:42 Iron Casting
30:37 Husbandry
30:25 Town Watch
31:12 Chain Barding Armor
31:32 Town Patrol
30:56 Savar
32:57 Conscription
34:13 Plate Barding Armor
34:40 Blast Furnace
33:48 Gold Mining
34:28 Loom
35:19 Fletching
35:29 Scale Mail Armor
35:30 Padded Archer Armor
39:39 Herbal Medicine
44:01 Light Cavalry
45:14 Citadels
44:55 Hussar
45:57 Masonry
48:02 Architecture
Kobe Cashon
10:05 Feudal Age
11:54 Double-Bit Axe
14:29 Castle Age
13:43 Horse Collar
15:36 Bow Saw
16:20 Heavy Plow
20:54 Heavy Plow
22:16 Wheelbarrow
23:44 Hand Cart
23:44 Gold Mining
24:46 Stone Mining
26:15 Stone Shaft Mining
26:31 Bloodlines
29:30 Imperial Age
27:27 Forging
27:22 Scale Barding Armor
27:35 Gambesons
27:50 Squires
27:35 Arson
27:12 Pikeman
28:51 Iron Casting
28:36 Chain Barding Armor
29:08 Loom
29:09 Town Watch
29:38 Scale Mail Armor
29:29 Fletching
31:18 Blast Furnace
30:54 Plate Barding Armor
29:41 Cavalier
30:53 Conscription
31:36 Two-Man Saw
31:08 Crop Rotation
31:27 Town Patrol
31:53 Chain Mail Armor
31:34 Bodkin Arrow
31:47 Siege Engineers
31:12 Capped Ram
33:00 Chemistry
32:56 Paladin
34:55 Plate Mail Armor
36:15 Onager
46:06 Bombard Tower
46:09 Ballistics
48:21 Fortified Wall
KB
10:20 Feudal Age
13:04 Castle Age
28:03 Imperial Age
26:28 Wheelbarrow
27:45 Hand Cart
27:22 Double-Bit Axe
28:37 Loom
30:55 Bow Saw
32:10 Heavy Scorpion
35:47 Conscription
35:36 Double Crossbow
36:51 Chemistry
45:30 Ballistics
PuTao
10:13 Feudal Age
14:30 Castle Age
12:40 Double-Bit Axe
12:48 Horse Collar
25:49 Gold Mining
29:41 Imperial Age
26:58 Loom
28:08 Wheelbarrow
27:36 Fletching
27:46 Padded Archer Armor
27:52 Padded Archer Armor
28:49 Bodkin Arrow
29:21 Ballistics
32:59 Bracer
33:14 Leather Archer Armor
33:07 Thumb Ring
33:28 Parthian Tactics
33:16 Bloodlines
33:06 Husbandry
34:13 Conscription
35:05 Chemistry
34:04 Murder Holes
38:01 Pikeman
38:41 Squires
38:27 Arson
YanYan
9:43 Feudal Age
13:13 Castle Age
11:10 Double-Bit Axe
22:02 Wheelbarrow
22:19 Loom
29:58 Fletching
34:11 Imperial Age
32:46 Hand Cart
32:41 Bow Saw
34:18 Forging
34:13 Scale Barding Armor
34:32 Husbandry
35:16 Conscription
34:28 Cavalier
36:27 Iron Casting
36:12 Chain Barding Armor
35:44 Paladin
38:10 Blast Furnace
40:11 Gold Mining
40:57 Chivalry
41:34 Plate Barding Armor
40:23 Light Cavalry
獨居老毛
3:34 Loom
11:34 Feudal Age
15:16 Castle Age
13:32 Double-Bit Axe
13:42 Horse Collar
16:19 Bow Saw
18:56 Stone Mining
30:33 Imperial Age
27:38 Elite Skirmisher
27:39 Pikeman
29:21 Wheelbarrow
29:06 Heavy Plow
28:59 Fletching
30:39 Forging
31:10 Bodkin Arrow
32:06 Crop Rotation
32:10 Malon
32:31 Conscription
32:27 Padded Archer Armor
32:22 Gold Mining
33:46 Scale Mail Armor
35:12 Iron Casting
34:53 Chain Mail Armor
35:20 Halberdier
40:02 Blast Furnace
Connection lost

Rejoining the realm…

Still unreachable

The connection could not be restored.

Session expired

The server has moved on; the page needs a fresh start.